AoeStats
← H. Bat'z

Arabia

509557885Analyzed
4v4 RM · 6d ago on Sep 27, 2026· 26m 41s· 8 players
Game mode
Random Map
Map size
Large (8 player)
Population
200
Speed
Normal
Resources
Standard
Victory
Conquest
Starting age
Dark Age
Ending age
Imperial Age
RankedLock teamsTeams togetherTeam positionsShared explorationLock speedFull tech treeHidden civsTurbo modeCheats
Victory
Defeat
🇲🇽 Gurjaras · Mexico
1363
+3
🇲🇽 Ethiopians · Mexico
1102
+10
🇲🇽 Khitans · Mexico
745
+22
🇲🇽 Muisca · Mexico
734
+23
🇺🇸 Teutons · United States
1000
-51
🇻🇳 Spanish · Vietnam
949
-14
935
-15
🇺🇸 Chinese · United States
888
-12
Manchuria lmuberjack
10:41 Feudal Age
9:25 Double-Bit Axe
9:39 Gold Mining
17:05 Castle Age
14:57 Horse Collar
16:03 Bow Saw
16:41 Loom
17:00 Heavy Plow
17:42 Gold Shaft Mining
20:22 Wheelbarrow
21:09 Stone Mining
bergiebird
0:27 Loom
10:00 Feudal Age
10:26 Town Watch
11:18 Wheelbarrow
10:32 Double-Bit Axe
10:52 Horse Collar
21:14 Castle Age
19:09 Fletching
19:21 Padded Archer Armor
22:52 Wheelbarrow
22:03 Town Watch
22:09 Fletching
22:20 Padded Archer Armor
22:23 Scale Mail Armor
22:51 Bodkin Arrow
22:18 Elite Skirmisher
24:34 Hand Cart
24:26 Town Patrol
25:07 Gold Mining
25:29 Bow Saw
26:02 Squires
26:33 Scale Mail Armor
david
10:58 Feudal Age
16:08 Loom
24:36 Castle Age
22:53 Double-Bit Axe
23:37 Stone Mining
23:47 Horse Collar
CaTiiRe8967
12:17 Feudal Age
13:54 Horse Collar
17:39 Town Watch
25:10 Wheelbarrow
tails034
1:26 Loom
13:15 Feudal Age
14:40 Double-Bit Axe
16:11 Domestication
19:27 Forging
25:32 Castle Age
23:49 Gold Mining
23:54 Stone Mining
25:33 Light Cavalry
27:19 Wheelbarrow
Humberto.sdk
4:08 Loom
10:16 Feudal Age
10:55 Double-Bit Axe
13:32 Fletching
18:18 Horse Collar
19:38 Wheelbarrow
25:05 Castle Age
25:09 Gold Mining
26:02 Bodkin Arrow
25:32 Crossbowman
26:17 Thumb Ring
DarkSIde1405
5:23 Loom
8:09 Feudal Age
9:12 Horse Collar
14:47 Bloodlines
15:41 Double-Bit Axe
16:47 Scale Barding Armor
16:52 Forging
22:00 Castle Age
22:06 Light Cavalry
23:44 Chain Barding Armor
23:36 Husbandry
26:52 Heavy Plow
H. Bat'z
2:05 Loom
12:05 Feudal Age
13:05 Champi Runner
14:44 Horse Collar
14:55 Double-Bit Axe
20:32 Wheelbarrow
21:00 Scale Mail Armor
25:56 Castle Age
24:35 Forging
26:07 Champi Warrior
26:50 Squires
27:28 Iron Casting
27:09 Chain Mail Armor
27:06 Heavy Plow
Connection lost

Rejoining the realm…

Still unreachable

The connection could not be restored.

Session expired

The server has moved on; the page needs a fresh start.